[Event "DMP Ekstraliga 2020"]
[Site "Krakow"]
[Date "2020.08.29"]
[Round "4.21"]
[White "Gumularz, Szymon"]
[Black "Olszewski, Michal"]
[Result "1-0"]
[ECO "C55"]
[WhiteElo "2506"]
[BlackElo "2547"]
[Annotator "ChessBase"]
[PlyCount "129"]
[EventDate "2020.08.26"]
[EventType "team-tourn"]
[EventCountry "POL"]
[SourceTitle "playchess.com"]
[Source "ChessBase"]
[SourceQuality "1"]
[WhiteTeam "Polonia Wroclaw"]
[BlackTeam "Miedz Legnica"]
[TimeControl "30/5400+30:1800+30"]

1. e4 e5 2. Nf3 Nc6 3. Bc4 Nf6 4. d3 Be7 5. O-O O-O 6. Re1 d6 7. a4 Na5 8. Ba2 c5 9. Na3 Nc6 10. c3 h6 11. Bd2 Re8 12. Nc2 Bf8 13. b4 cxb4 14. cxb4 Be6 15. b5 Bxa2 16. Rxa2 Ne7 17. Ne3 Ng6 18. Qb3 d5 19. Nxd5 Nxd5 20. exd5 Qd7 21. h4 Rad8 22. h5 Nf4 23. Nxe5 Qxd5 24. Qxd5 Nxd5 25. Nf3 Rxe1+ 26. Nxe1 Nf6 27. Rc2 Bd6 28. Be3 Bb8 29. Rc5 Kf8 30. Kf1 Ke7 31. Ke2 Rd5 32. Rc8 Rd8 33. Rc5 b6 34. Rc4 Nxh5 35. Nc2 Kd7 36. Nb4 Bd6 37. Nc6 Ra8 38. Kf3 Bc7 39. Bd4 f5 40. g4 fxg4+ 41. Kxg4 Nf4 42. Be5 Ne6 43. f4 Bxe5 44. Nxe5+ Kd6 45. Rc6+ Kd5 46. Nc4 Nf8 47. Rxb6 axb6 48. Nxb6+ Kc5 49. Nxa8 Kb4 50. b6 Ka5 51. b7 Nd7 52. Nc7 Kb6 53. Ne6 Kxb7 54. Nxg7 Nc5 55. d4 Nxa4 56. f5 Kc6 57. f6 Kd6 58. Kh5 Nb6 59. Kxh6 Nd7 60. Kg6 Kd5 61. Nf5 Ke4 62. f7 Nf8+ 63. Kf6 Nh7+ 64. Ke7 Kxf5 65. d5 1-0

[Event "DMP Ekstraliga 2020"]
[Site "Krakow"]
[Date "2020.08.29"]
[Round "4.22"]
[White "Bobras, Piotr"]
[Black "Tazbir, Marcin"]
[Result "1/2-1/2"]
[ECO "C10"]
[WhiteElo "2487"]
[BlackElo "2510"]
[Annotator "ChessBase"]
[PlyCount "24"]
[EventDate "2020.08.26"]
[EventType "team-tourn"]
[EventCountry "POL"]
[SourceTitle "playchess.com"]
[Source "ChessBase"]
[SourceQuality "1"]
[WhiteTeam "Miedz Legnica"]
[BlackTeam "Polonia Wroclaw"]
[TimeControl "30/5400+30:1800+30"]

1. e4 e6 2. d4 d5 3. Nc3 dxe4 4. Nxe4 Bd7 5. Nf3 Bc6 6. Bd3 Nd7 7. O-O Ngf6 8. Ng3 g6 9. b3 Bg7 10. Ba3 Bf8 11. Bb2 Bg7 12. Ba3 Bf8 1/2-1/2

[Event "DMP Ekstraliga 2020"]
[Site "Krakow"]
[Date "2020.08.29"]
[Round "4.23"]
[White "Wieczorek, Oskar"]
[Black "Murdzia, Piotr"]
[Result "1/2-1/2"]
[ECO "C96"]
[WhiteElo "2493"]
[BlackElo "2423"]
[Annotator "ChessBase"]
[PlyCount "142"]
[EventDate "2020.08.26"]
[EventType "team-tourn"]
[EventCountry "POL"]
[SourceTitle "playchess.com"]
[Source "ChessBase"]
[SourceQuality "1"]
[WhiteTeam "Polonia Wroclaw"]
[BlackTeam "Miedz Legnica"]
[TimeControl "30/5400+30:1800+30"]

1. e4 e5 2. Nf3 Nc6 3. Bb5 a6 4. Ba4 Nf6 5. O-O Be7 6. Re1 b5 7. Bb3 d6 8. c3 O-O 9. h3 Na5 10. Bc2 c5 11. d4 Nd7 12. Nbd2 exd4 13. cxd4 Nc6 14. d5 Nce5 15. a4 Rb8 16. Nxe5 Nxe5 17. axb5 axb5 18. f4 Ng6 19. Nf3 Bh4 20. Nxh4 Qxh4 21. f5 Ne5 22. Rf1 b4 23. Bf4 Qe7 24. Qe2 f6 25. Ra5 b3 26. Bb1 Bd7 27. Bd2 Ra8 28. Bd3 Rxa5 29. Bxa5 Bxf5 30. exf5 Qa7 31. Bc3 c4+ 32. Kh1 cxd3 33. Qe4 Qa6 34. Rd1 Re8 35. Bxe5 Rxe5 36. Qxd3 Qxd3 37. Rxd3 Rxf5 38. Rxb3 Rxd5 39. Rb7 h5 40. b4 Rd1+ 41. Kh2 h4 42. b5 Kh7 43. Rd7 Rb1 44. Rxd6 Rxb5 45. Kg1 Rb2 46. Rd7 Kh6 47. Rd4 g5 48. Rd5 Re2 49. Kf1 Re5 50. Rd4 Kg6 51. Kf2 Kf5 52. Kf3 Ra5 53. Rd3 Ra4 54. Rd5+ Ke6 55. Rb5 Rf4+ 56. Ke3 Rf5 57. Rb6+ Kf7 58. Ra6 Kg6 59. Ra3 Rf1 60. Ke2 Rf4 61. Ra5 Rb4 62. Kf3 Rb6 63. Rc5 f5 64. Ra5 Rb3+ 65. Kf2 Rc3 66. Rb5 Kf6 67. Ra5 Ke6 68. Rb5 g4 69. hxg4 fxg4 70. Rh5 Rc2+ 71. Ke3 Rxg2 1/2-1/2

[Event "DMP Ekstraliga 2020"]
[Site "Krakow"]
[Date "2020.08.29"]
[Round "4.24"]
[White "Kiolbasa, Oliwia"]
[Black "Zawadzka, Jolanta"]
[Result "0-1"]
[ECO "C63"]
[WhiteElo "2160"]
[BlackElo "2419"]
[Annotator "ChessBase"]
[PlyCount "80"]
[EventDate "2020.08.26"]
[EventType "team-tourn"]
[EventCountry "POL"]
[SourceTitle "playchess.com"]
[Source "ChessBase"]
[SourceQuality "1"]
[WhiteTeam "Miedz Legnica"]
[BlackTeam "Polonia Wroclaw"]
[TimeControl "30/5400+30:1800+30"]

1. e4 e5 2. Nf3 Nc6 3. Bb5 f5 4. d3 fxe4 5. dxe4 Nf6 6. O-O d6 7. Nc3 Be7 8. a4 Bg4 9. Qd3 Qd7 10. Nd5 O-O 11. h3 Bxf3 12. Qxf3 a6 13. Nxe7+ Qxe7 14. Bc4+ Kh8 15. c3 Nd8 16. Qe2 Ne6 17. g3 c6 18. Bd3 Qf7 19. a5 Qg6 20. b4 Rf7 21. Kh2 Raf8 22. Ra2 Nh5 23. Rg1 Ng5 24. Bxg5 Qxg5 25. Rg2 Rf3 26. Rd2 Qh6 27. c4 g5 28. Kg1 Ng7 29. Rh2 Ne6 30. Qd1 Qf6 31. Qe1 Nd4 32. Be2 Rc3 33. Qd1 c5 34. bxc5 dxc5 35. Rg2 Qc6 36. Bd3 Nf3+ 37. Kf1 Qd7 38. Ke2 Nxd2 39. Qxd2 Qd4 40. g4 Rf3 0-1

[Event "DMP Ekstraliga 2020"]
[Site "Krakow"]
[Date "2020.08.29"]
[Round "4.25"]
[White "Huschenbeth, Niclas"]
[Black "Matuszewski, Michal"]
[Result "1-0"]
[ECO "B90"]
[WhiteElo "2605"]
[BlackElo "2508"]
[Annotator "ChessBase"]
[PlyCount "97"]
[EventDate "2020.08.26"]
[EventType "team-tourn"]
[EventCountry "POL"]
[SourceTitle "playchess.com"]
[Source "ChessBase"]
[SourceQuality "1"]
[WhiteTeam "Silesia Raciborz"]
[BlackTeam "Dwie Wieze Krakow"]
[TimeControl "30/5400+30:1800+30"]

1. e4 c5 2. Nf3 d6 3. d4 cxd4 4. Nxd4 Nf6 5. Nc3 a6 6. h3 e5 7. Nb3 h5 8. Be2 Be7 9. Bg5 Nbd7 10. a4 b6 11. Nd2 Bb7 12. Nc4 Qc7 13. Ne3 g6 14. Bc4 Qc5 15. Bxf6 Nxf6 16. Bd5 Nxd5 17. Nexd5 Bd8 18. Qd3 O-O 19. O-O Rc8 20. Rad1 Kg7 21. Ne3 Bg5 22. Qxd6 Bxe3 23. fxe3 Qxe3+ 24. Kh2 f6 25. Qe6 Rc7 26. Rf3 Qc5 27. Rd6 Bc8 28. Qd5 Bb7 29. Qe6 Bc8 30. Qd5 Bb7 31. Qxc5 bxc5 32. Rfd3 Rff7 33. Rb6 Rfd7 34. Rxd7+ Rxd7 35. Kg3 Kf7 36. h4 f5 37. Kf3 c4 38. Ke3 fxe4 39. a5 Kg7 40. Re6 Bc8 41. Rc6 Bb7 42. Rxc4 Kf6 43. Rb4 Rc7 44. Rb6+ Kf5 45. Nd1 Bc8 46. c3 Rc5 47. Kf2 Kg4 48. Rxg6+ Kxh4 49. Kg1 1-0

[Event "DMP Ekstraliga 2020"]
[Site "Krakow"]
[Date "2020.08.29"]
[Round "4.27"]
[White "Markowski, Tomasz"]
[Black "Nguyen, Piotr"]
[Result "1-0"]
[ECO "A48"]
[WhiteElo "2548"]
[BlackElo "2422"]
[Annotator "ChessBase"]
[PlyCount "95"]
[EventDate "2020.08.26"]
[EventType "team-tourn"]
[EventCountry "POL"]
[SourceTitle "playchess.com"]
[Source "ChessBase"]
[SourceQuality "1"]
[WhiteTeam "Silesia Raciborz"]
[BlackTeam "Dwie Wieze Krakow"]
[TimeControl "30/5400+30:1800+30"]

1. d4 Nf6 2. Nf3 g6 3. e3 Bg7 4. Be2 c5 5. O-O O-O 6. dxc5 Na6 7. Bxa6 bxa6 8. b3 Qc7 9. Bb2 Bb7 10. Nbd2 Qxc5 11. c4 d6 12. Qe2 a5 13. Rfc1 e5 14. a4 Nd7 15. Ng5 Qc6 16. f3 Bh6 17. Nge4 f5 18. Nf2 Bg5 19. Ba3 Bd8 20. Nd3 Rb8 21. b4 axb4 22. Nxb4 Qxa4 23. Qd3 a5 24. Nc2 e4 25. fxe4 fxe4 26. Qxd6 Rf6 27. Qg3 Qc6 28. Nd4 Qc7 29. Qxc7 Bxc7 30. Nb5 Be5 31. Rab1 Ba8 32. Nb3 a4 33. N3d4 Nb6 34. Be7 Rf7 35. Bd6 Bxd6 36. Nxd6 Rf6 37. c5 Nd7 38. Rxb8+ Nxb8 39. Ra1 Nd7 40. Rxa4 Bd5 41. Ra5 Kf8 42. h3 h5 43. N6b5 Ke7 44. Nc3 Bc6 45. Na2 Ne5 46. Nb4 Kd7 47. Ra7+ Kc8 48. Re7 1-0

[Event "DMP Ekstraliga 2020"]
[Site "Krakow"]
[Date "2020.08.29"]
[Round "4.28"]
[White "Zwardon, Vojtech"]
[Black "Krzyzanowski, Marcin"]
[Result "1/2-1/2"]
[ECO "A15"]
[WhiteElo "2481"]
[BlackElo "2518"]
[Annotator "ChessBase"]
[PlyCount "59"]
[EventDate "2020.08.26"]
[EventType "team-tourn"]
[EventCountry "POL"]
[SourceTitle "playchess.com"]
[Source "ChessBase"]
[SourceQuality "1"]
[WhiteTeam "Dwie Wieze Krakow"]
[BlackTeam "Silesia Raciborz"]
[TimeControl "30/5400+30:1800+30"]

1. c4 Nf6 2. g3 c6 3. Nf3 d5 4. b3 g6 5. Bb2 Bg7 6. Bg2 O-O 7. O-O a5 8. Nc3 Ne4 9. d4 Nxc3 10. Bxc3 Nd7 11. cxd5 cxd5 12. Rc1 Qb6 13. Ne5 e6 14. a4 Rd8 15. e3 Qd6 16. f4 f6 17. Nd3 b6 18. Rf2 Ba6 19. Bb2 Rac8 20. Rfc2 Rxc2 21. Rxc2 Rc8 22. Rxc8+ Bxc8 23. Qc1 Bb7 24. Bh3 Kf7 25. Ba3 Qc6 26. Qxc6 Bxc6 27. Bd6 Bf8 28. Bc7 Ba3 29. Bf1 Ke7 30. Nf2 1/2-1/2

[Event "DMP Ekstraliga 2020"]
[Site "Krakow"]
[Date "2020.08.29"]
[Round "4.29"]
[White "Jakubowski, Krzysztof"]
[Black "Mikrut, Dariusz"]
[Result "1-0"]
[ECO "A05"]
[WhiteElo "2481"]
[BlackElo "2390"]
[Annotator "ChessBase"]
[PlyCount "87"]
[EventDate "2020.08.26"]
[EventType "team-tourn"]
[EventCountry "POL"]
[SourceTitle "playchess.com"]
[Source "ChessBase"]
[SourceQuality "1"]
[WhiteTeam "Silesia Raciborz"]
[BlackTeam "Dwie Wieze Krakow"]
[TimeControl "30/5400+30:1800+30"]

1. Nf3 Nf6 2. g3 g6 3. b3 Bg7 4. Bb2 a5 5. c4 O-O 6. Nc3 c6 7. Bg2 d5 8. Rc1 Ne4 9. Na4 dxc4 10. Bxg7 Kxg7 11. bxc4 Na6 12. c5 Be6 13. Qc2 Nf6 14. Qb2 Qd5 15. Nb6 Qxa2 16. Qxa2 Bxa2 17. Nxa8 Rxa8 18. Ne5 Nb4 19. d4 Rd8 20. e3 Nd7 21. Nxd7 Rxd7 22. Kd2 e5 23. Kc3 exd4+ 24. exd4 Be6 25. Rcd1 Nd5+ 26. Bxd5 Bxd5 27. Rhe1 a4 28. Kb4 Bb3 29. Rd2 Kf8 30. Ka5 h5 31. h3 Rd8 32. Kb6 Rd7 33. Re3 Bc4 34. Ka5 Bb3 35. Kb4 Rd8 36. f4 Ra8 37. Ka3 Rd8 38. Re5 Rb8 39. f5 f6 40. Re3 gxf5 41. Rf2 Rd8 42. Rxf5 Rxd4 43. Rxf6+ Kg7 44. Rd6 1-0

[Event "DMP Ekstraliga 2020"]
[Site "Krakow"]
[Date "2020.08.29"]
[Round "4.30"]
[White "Leks, Maria"]
[Black "Worek, Joanna"]
[Result "0-1"]
[ECO "B67"]
[WhiteElo "2080"]
[BlackElo "2326"]
[Annotator "NA"]
[PlyCount "84"]
[EventDate "2020.08.26"]
[EventType "team-tourn"]
[EventCountry "POL"]
[SourceTitle "playchess.com"]
[Source "ChessBase"]
[SourceQuality "1"]
[WhiteTeam "Dwie Wieze Krakow"]
[BlackTeam "Silesia Raciborz"]
[TimeControl "30/5400+30:1800+30"]

1. e4 c5 2. Nf3 Nc6 3. d4 cxd4 4. Nxd4 Nf6 5. Nc3 d6 6. Bg5 e6 7. Qd2 a6 8. O-O-O Bd7 9. f3 Nxd4 10. Qxd4 Be7 {[%emt 0:00:10] B67: Sicilian: Richter-Rauzer: 7...a6 8 0-0-0 Bd7, lines without 9 f4 Be7.} 11. Qd2 b5 12. h4 h6 13. Be3 h5 14. Bg5 Qc7 {[%emt 0:02:59] [#]} 15. Kb1 $146 ({Predecessor:} 15. Ne2 Rb8 16. Kb1 a5 17. Bf4 Rb6 18. Be3 Rb7 19. Bf4 Rb6 20. Be3 Ra6 21. Nc3 {1-0 (94) Shome,S (2263)-G,A (2456) Budapest 2019}) 15... Rb8 16. Bd3 b4 17. Ne2 a5 18. f4 a4 19. e5 Ng4 20. Bxe7 $11 Kxe7 21. exd6+ Qxd6 22. Ng3 a3 23. Rhe1 g6 24. Bc4 Qxd2 25. Rxd2 Bb5 26. Bxb5 Rxb5 27. Ne4 Ra8 28. b3 Ra7 29. Rd4 Rc7 30. g3 Rb6 31. Re2 Nh6 32. c4 bxc3 33. Kc2 Nf5 34. Rd3 Rb4 35. Kc1 Nd4 36. Re1 Nxb3+ 37. axb3 a2 38. Kc2 Rxe4 39. Ra1 Re2+ 40. Kc1 Rd7 41. Rd1 Rxd1+ 42. Kxd1 Rg2 0-1

[Event "DMP Ekstraliga 2020"]
[Site "Krakow"]
[Date "2020.08.30"]
[Round "5.2"]
[White "Piorun, Kacper"]
[Black "Leniart, Arkadiusz"]
[Result "0-1"]
[ECO "C24"]
[WhiteElo "2596"]
[BlackElo "2482"]
[Annotator "ChessBase"]
[PlyCount "98"]
[EventDate "2020.08.26"]
[EventType "team-tourn"]
[EventCountry "POL"]
[SourceTitle "playchess.com"]
[Source "ChessBase"]
[SourceQuality "1"]
[WhiteTeam "Stilon Gorzow"]
[BlackTeam "Dwie Wieze Krakow"]
[TimeControl "30/5400+30:1800+30"]

1. e4 e5 2. Bc4 Nf6 3. d3 c6 4. Nf3 Be7 5. Bb3 O-O 6. O-O d6 7. Re1 Nbd7 8. c3 Qc7 9. d4 b6 10. Nbd2 Bb7 11. Nf1 c5 12. Ng3 Rfe8 13. dxe5 Nxe5 14. Nxe5 dxe5 15. Nf5 Bf8 16. Qf3 c4 17. Bc2 g6 18. Bg5 Nd7 19. Nh6+ Bxh6 20. Bxh6 f5 21. Qe2 f4 22. Ba4 Ba6 23. b4 b5 24. Bc2 Bb7 25. a4 a6 26. g3 Nf8 27. gxf4 exf4 28. Qg4 Ne6 29. axb5 axb5 30. Rxa8 Bxa8 31. h4 Qe5 32. Qf3 Rd8 33. Ra1 Bb7 34. Ra7 Rd7 35. Qh3 Kf7 36. h5 Bc6 37. hxg6+ hxg6 38. Ra6 Rd6 39. Ra7+ Rd7 40. Ra6 Rd6 41. Ra7+ Bd7 42. Qf3 Rd2 43. Bd1 Rd3 44. Qg4 Qxc3 45. Be2 Qd4 46. Bxd3 Qxa7 47. Bf1 Qd4 48. Bxf4 Qxe4 49. Qd1 Bc6 0-1

[Event "DMP Ekstraliga 2020"]
[Site "Krakow"]
[Date "2020.08.30"]
[Round "5.4"]
[White "Kanarek, Marcel"]
[Black "Zwardon, Vojtech"]
[Result "1/2-1/2"]
[ECO "B36"]
[WhiteElo "2488"]
[BlackElo "2481"]
[Annotator "ChessBase"]
[PlyCount "120"]
[EventDate "2020.08.26"]
[EventType "team-tourn"]
[EventCountry "POL"]
[SourceTitle "playchess.com"]
[Source "ChessBase"]
[SourceQuality "1"]
[WhiteTeam "Stilon Gorzow"]
[BlackTeam "Dwie Wieze Krakow"]
[TimeControl "30/5400+30:1800+30"]

1. e4 c5 2. Nf3 Nc6 3. d4 cxd4 4. Nxd4 g6 5. c4 Nf6 6. Nc3 d6 7. Be2 Nxd4 8. Qxd4 Bg7 9. Be3 O-O 10. Qd2 Be6 11. O-O Qa5 12. Rfc1 Rfc8 13. b3 a6 14. Rab1 Qd8 15. f3 Nd7 16. Nd5 a5 17. a3 Nc5 18. b4 axb4 19. axb4 Nd7 20. c5 Nf6 21. Bc4 Nxd5 22. exd5 Bf5 23. Rb3 Bd7 24. f4 Qf8 25. Be2 e6 26. Bf3 dxc5 27. bxc5 exd5 28. Rxb7 Bc6 29. Rb6 Qe8 30. Bd4 Ra4 31. Bxg7 Kxg7 32. h3 Qe7 33. f5 Qe5 34. fxg6 hxg6 35. Qb2 Qxb2 36. Rxb2 Rc4 37. Rbc2 Rxc2 38. Rxc2 Kf6 39. Kf2 Rb8 40. Ra2 Ke5 41. h4 Kd4 42. Ra7 Rf8 43. Ra5 f6 44. Kg3 Kc4 45. Kf4 Kb4 46. Ra7 Kxc5 47. Rg7 Be8 48. Rc7+ Kd4 49. Rc8 Rg8 50. Rd8 Bf7 51. Rxg8 Bxg8 52. g4 Be6 53. g5 fxg5+ 54. Kxg5 Bf7 55. Kf6 Be8 56. Ke6 Bc6 57. Kf7 Ke3 58. Bxd5 Bxd5+ 59. Kxg6 Bf3 60. h5 Bxh5+ 1/2-1/2

[Event "DMP Ekstraliga 2020"]
[Site "Krakow"]
[Date "2020.08.30"]
[Round "5.5"]
[White "Mikrut, Dariusz"]
[Black "Janik, Igor"]
[Result "0-1"]
[ECO "A41"]
[WhiteElo "2390"]
[BlackElo "2471"]
[Annotator "ChessBase"]
[PlyCount "86"]
[EventDate "2020.08.26"]
[EventType "team-tourn"]
[EventCountry "POL"]
[SourceTitle "playchess.com"]
[Source "ChessBase"]
[SourceQuality "1"]
[WhiteTeam "Dwie Wieze Krakow"]
[BlackTeam "Stilon Gorzow"]
[TimeControl "30/5400+30:1800+30"]

1. d4 d6 2. c4 e5 3. d5 f5 4. e4 fxe4 5. Nc3 Nf6 6. Nge2 Bf5 7. Ng3 Bg6 8. Bg5 Be7 9. h4 h6 10. Bxf6 Bxf6 11. Qg4 Bh7 12. Qh5+ Kf8 13. Ngxe4 Nd7 14. Bd3 Qe7 15. O-O-O a6 16. Kb1 Rb8 17. a4 Kg8 18. Qg4 Rf8 19. Rh3 Rf7 20. h5 Bg5 21. Qe2 Bf5 22. g4 Bh7 23. f3 Bf4 24. Qc2 b6 25. a5 bxa5 26. c5 Be3 27. cxd6 cxd6 28. Na4 Nf6 29. Ng3 Bd4 30. Bg6 Nxd5 31. Nf5 Qd7 32. Qc4 Nf4 33. Nb6 Qe6 34. Rxd4 exd4 35. Qxe6 Nxe6 36. Rh1 Nf4 37. Bxf7+ Kxf7 38. Nc4 Bxf5+ 39. gxf5 d5 40. Ne5+ Kf6 41. Ng6 Nxg6 42. fxg6 Re8 43. Rc1 d3 0-1

[Event "DMP Ekstraliga 2020"]
[Site "Krakow"]
[Date "2020.08.30"]
[Round "5.6"]
[White "Antolak, Julia"]
[Black "Leks, Maria"]
[Result "1/2-1/2"]
[ECO "C96"]
[WhiteElo "2323"]
[BlackElo "2080"]
[Annotator "ChessBase"]
[PlyCount "107"]
[EventDate "2020.08.26"]
[EventType "team-tourn"]
[EventCountry "POL"]
[SourceTitle "playchess.com"]
[Source "ChessBase"]
[SourceQuality "1"]
[WhiteTeam "Stilon Gorzow"]
[BlackTeam "Dwie Wieze Krakow"]
[TimeControl "30/5400+30:1800+30"]

1. e4 e5 2. Nf3 Nc6 3. Bb5 a6 4. Ba4 Nf6 5. O-O Be7 6. Re1 b5 7. Bb3 d6 8. c3 O-O 9. h3 Na5 10. Bc2 c5 11. d4 Nd7 12. d5 Nb6 13. Nbd2 f5 14. exf5 Bxf5 15. Bxf5 Rxf5 16. Ne4 Qd7 17. Nfg5 Nb7 18. b3 Bxg5 19. Bxg5 h6 20. Be3 Qf7 21. c4 bxc4 22. bxc4 Nxc4 23. Rb1 Nba5 24. Bd2 Qxd5 25. Bxa5 Qxd1 26. Rbxd1 Nxa5 27. Nxd6 Rf6 28. Rxe5 Rxd6 29. Rxd6 Nc4 30. Red5 Nxd6 31. Rxd6 Rb8 32. Rxa6 Rb1+ 33. Kh2 c4 34. Rc6 Ra1 35. Rxc4 Rxa2 36. Rf4 h5 37. Kg3 Kh7 38. Re4 Kh6 39. Re6+ g6 40. Re3 Rb2 41. f4 Ra2 42. Rf3 h4+ 43. Kh2 Ra1 44. Rf2 Rb1 45. g3 hxg3+ 46. Kxg3 Rb5 47. Kg4 Ra5 48. h4 Rb5 49. Re2 Ra5 50. Re5 Ra1 51. Re3 Rg1+ 52. Rg3 Rf1 53. Rg2 Ra1 54. Rg3 1/2-1/2

[Event "DMP Ekstraliga 2020"]
[Site "Krakow"]
[Date "2020.08.30"]
[Round "5.7"]
[White "Kempinski, Robert"]
[Black "Huschenbeth, Niclas"]
[Result "1/2-1/2"]
[ECO "A19"]
[WhiteElo "2568"]
[BlackElo "2605"]
[Annotator "ChessBase"]
[PlyCount "80"]
[EventDate "2020.08.26"]
[EventType "team-tourn"]
[EventCountry "POL"]
[SourceTitle "playchess.com"]
[Source "ChessBase"]
[SourceQuality "1"]
[WhiteTeam "Miedz Legnica"]
[BlackTeam "Silesia Raciborz"]
[TimeControl "30/5400+30:1800+30"]

1. c4 e6 2. Nc3 Nf6 3. e4 c5 4. Nf3 Nc6 5. Be2 Nd4 6. O-O d6 7. d3 Bd7 8. Be3 Qb6 9. Rb1 a5 10. a4 Be7 11. Nb5 Bxb5 12. axb5 O-O 13. Nxd4 cxd4 14. Bg5 Qc5 15. Bxf6 Bxf6 16. Ra1 d5 17. exd5 exd5 18. Qb3 dxc4 19. dxc4 b6 20. Bf3 Rad8 21. Bd5 Rfe8 22. Qd3 Qb4 23. Rab1 h5 24. g3 h4 25. Rfd1 Re5 26. Kg2 Qe7 27. Qf3 Re2 28. Kf1 Re5 29. Rxd4 Re8 30. gxh4 Re1+ 31. Rxe1 Qxe1+ 32. Kg2 Qe2 33. Rf4 Qxb2 34. Qh5 Re7 35. Re4 Qb4 36. Bxf7+ Rxf7 37. Re8+ Rf8 38. Qd5+ Kh7 39. Qh5+ Kg8 40. Qd5+ Kh7 1/2-1/2

[Event "DMP Ekstraliga 2020"]
[Site "Krakow"]
[Date "2020.08.30"]
[Round "5.8"]
[White "Nasuta, Grzegorz"]
[Black "Heberla, Bartlomiej"]
[Result "1/2-1/2"]
[ECO "B52"]
[WhiteElo "2553"]
[BlackElo "2566"]
[Annotator "ChessBase"]
[PlyCount "41"]
[EventDate "2020.08.26"]
[EventType "team-tourn"]
[EventCountry "POL"]
[SourceTitle "playchess.com"]
[Source "ChessBase"]
[SourceQuality "1"]
[WhiteTeam "Silesia Raciborz"]
[BlackTeam "Miedz Legnica"]
[TimeControl "30/5400+30:1800+30"]

1. e4 c5 2. Nf3 d6 3. Bb5+ Bd7 4. c4 Nf6 5. Nc3 e6 6. O-O Be7 7. d4 cxd4 8. Nxd4 O-O 9. Be3 a6 10. Bxd7 Qxd7 11. f3 Nc6 12. Qe2 Rac8 13. Rac1 Qc7 14. Nxc6 Qxc6 15. b3 Bd8 16. Rfd1 Bb6 17. Na4 Bc7 18. Qf2 b5 19. cxb5 Qxb5 20. Bd4 Qg5 21. Qd2 1/2-1/2

[Event "DMP Ekstraliga 2020"]
[Site "Krakow"]
[Date "2020.08.30"]
[Round "5.9"]
[White "Olszewski, Michal"]
[Black "Markowski, Tomasz"]
[Result "1/2-1/2"]
[ECO "B41"]
[WhiteElo "2547"]
[BlackElo "2548"]
[Annotator "ChessBase"]
[PlyCount "81"]
[EventDate "2020.08.26"]
[EventType "team-tourn"]
[EventCountry "POL"]
[SourceTitle "playchess.com"]
[Source "ChessBase"]
[SourceQuality "1"]
[WhiteTeam "Miedz Legnica"]
[BlackTeam "Silesia Raciborz"]
[TimeControl "30/5400+30:1800+30"]

1. e4 c5 2. Nf3 e6 3. d4 cxd4 4. Nxd4 a6 5. c4 Nf6 6. Nc3 Qc7 7. Be2 b6 8. O-O Bb7 9. Qd3 Nc6 10. Nxc6 dxc6 11. f4 Rd8 12. Qh3 c5 13. e5 Ne4 14. f5 Nxc3 15. bxc3 exf5 16. Qxf5 Bc8 17. Qf4 Be6 18. Bg4 Qd7 19. Rd1 Qxd1+ 20. Bxd1 Rxd1+ 21. Kf2 Be7 22. Qf3 Rd7 23. Qa8+ Bd8 24. Qxa6 O-O 25. Bf4 Bc7 26. Kg1 h6 27. Re1 Rfd8 28. h3 g5 29. Be3 Rd3 30. Qb7 R8d7 31. Qa8+ Kg7 32. h4 Rxc3 33. hxg5 Rxc4 34. gxh6+ Kh7 35. Bg5 Rg4 36. Bf6 Rg8 37. Qe4+ Rg6 38. Qa8 Rg8 39. Qe4+ Rg6 40. Qa8 Rg8 41. Qe4+ 1/2-1/2

[Event "DMP Ekstraliga 2020"]
[Site "Krakow"]
[Date "2020.08.30"]
[Round "5.10"]
[White "Krzyzanowski, Marcin"]
[Black "Bobras, Piotr"]
[Result "1/2-1/2"]
[ECO "B34"]
[WhiteElo "2518"]
[BlackElo "2487"]
[Annotator "ChessBase"]
[PlyCount "86"]
[EventDate "2020.08.26"]
[EventType "team-tourn"]
[EventCountry "POL"]
[SourceTitle "playchess.com"]
[Source "ChessBase"]
[SourceQuality "1"]
[WhiteTeam "Silesia Raciborz"]
[BlackTeam "Miedz Legnica"]
[TimeControl "30/5400+30:1800+30"]

1. e4 c5 2. Nf3 Nc6 3. d4 cxd4 4. Nxd4 Nf6 5. Nc3 e5 6. Ndb5 d6 7. Nd5 Nxd5 8. exd5 Nb8 9. a4 a6 10. Na3 Be7 11. Be2 O-O 12. O-O Bf5 13. Nc4 Nd7 14. a5 Bg6 15. Be3 Rc8 16. b4 f5 17. f4 exf4 18. Bxf4 Nf6 19. Nb6 Rc3 20. Na4 Rc8 21. c4 Ne4 22. Rc1 Bg5 23. g3 Bxf4 24. Rxf4 Qe7 25. Bd3 Qe5 26. Nb6 Rc7 27. c5 Bh5 28. Qxh5 Qd4+ 29. Kg2 Qxd3 30. Qd1 Qb5 31. Rc4 g6 32. Rf1 Rd8 33. g4 dxc5 34. Qc2 Re7 35. bxc5 Nxc5 36. gxf5 Rde8 37. Kh1 Re2 38. Qc3 Ne4 39. Qd4 Qb3 40. fxg6 Rxh2+ 41. Kxh2 Qg3+ 42. Kh1 Qh3+ 43. Kg1 Qg3+ 1/2-1/2

[Event "DMP Ekstraliga 2020"]
[Site "Krakow"]
[Date "2020.08.30"]
[Round "5.11"]
[White "Murdzia, Piotr"]
[Black "Jakubowski, Krzysztof"]
[Result "1/2-1/2"]
[ECO "E17"]
[WhiteElo "2423"]
[BlackElo "2481"]
[Annotator "ChessBase"]
[PlyCount "86"]
[EventDate "2020.08.26"]
[EventType "team-tourn"]
[EventCountry "POL"]
[SourceTitle "playchess.com"]
[Source "ChessBase"]
[SourceQuality "1"]
[WhiteTeam "Miedz Legnica"]
[BlackTeam "Silesia Raciborz"]
[TimeControl "30/5400+30:1800+30"]

1. d4 Nf6 2. c4 e6 3. Nf3 b6 4. g3 Bb7 5. Bg2 Be7 6. O-O O-O 7. d5 exd5 8. Nh4 c6 9. cxd5 Nxd5 10. Nf5 Nc7 11. Nc3 Ne6 12. e4 d6 13. Qg4 Nd7 14. Bf4 Ne5 15. Nh6+ Kh8 16. Nxf7+ Rxf7 17. Qxe6 Qf8 18. Ne2 Ba6 19. Nd4 Re8 20. Rfd1 Bg5 21. Bxg5 Rxe6 22. Nxe6 Qb8 23. f4 Nc4 24. Bf1 h6 25. b3 Ne3 26. Bxa6 Nxd1 27. Rxd1 hxg5 28. Nxg5 Re7 29. Be2 g6 30. Kg2 b5 31. h4 Kg7 32. h5 gxh5 33. Bxh5 c5 34. Be2 Re8 35. e5 dxe5 36. Rd7+ Kg8 37. Bf3 e4 38. Bxe4 Rxe4 39. Nxe4 Qa8 40. Kf3 Qc6 41. Rd6 Qc7 42. Rd7 Qc6 43. Rd6 Qc7 1/2-1/2

[Event "DMP Ekstraliga 2020"]
[Site "Krakow"]
[Date "2020.08.30"]
[Round "5.12"]
[White "Worek, Joanna"]
[Black "Kiolbasa, Oliwia"]
[Result "0-1"]
[ECO "C50"]
[WhiteElo "2326"]
[BlackElo "2160"]
[Annotator "ChessBase"]
[PlyCount "80"]
[EventDate "2020.08.26"]
[EventType "team-tourn"]
[EventCountry "POL"]
[SourceTitle "playchess.com"]
[Source "ChessBase"]
[SourceQuality "1"]
[WhiteTeam "Silesia Raciborz"]
[BlackTeam "Miedz Legnica"]
[TimeControl "30/5400+30:1800+30"]

1. e4 e5 2. Nf3 Nc6 3. Bc4 Bc5 4. O-O Nf6 5. d3 O-O 6. c3 d6 7. a4 a5 8. Nbd2 Be6 9. Re1 Qb8 10. h3 Qa7 11. Qe2 Rae8 12. Bb5 Bd7 13. Nf1 h6 14. Be3 Ne7 15. Bxd7 Nxd7 16. d4 Bb6 17. Rad1 Ng6 18. Ng3 Nf6 19. Qc4 c6 20. dxe5 dxe5 21. Nf5 Rd8 22. g3 Bxe3 23. Nxe3 Qb6 24. b3 Rxd1 25. Rxd1 Rd8 26. Rxd8+ Qxd8 27. b4 axb4 28. cxb4 Qd7 29. Kg2 b5 30. axb5 cxb5 31. Qc2 Qd6 32. Qb1 Qc6 33. Ng4 Nxe4 34. Kh2 Nxf2 35. Ngxe5 Nxe5 36. Nxe5 Qe6 37. Qf1 Ne4 38. Qa1 Ng5 39. Qa8+ Kh7 40. Ng4 Qe2+ 0-1